 Dungeon Crawl Stone Soup version 0.30-a0-603-g51a0fb1b98 (webtiles) character file.

Game seed: 3213402818627558809

81 kae the Insei (level 4, 0/32 HPs)
             Began as a Demonspawn Transmuter on Jan 7, 2023.
             Slain by an adder (2 damage)
             ... on level 3 of the Dungeon.
             The game lasted 00:02:11 (1616 turns).

kae the Insei (Demonspawn Transmuter)               Turns: 1616, Time: 00:02:11

Health: 0/32       AC:  2    Str: 11    XL:     4   Next: 19%
Magic:  4/7        EV: 12    Int: 16    God:
Gold:   93         SH:  4    Dex: 13    Spells: 2/8 levels left

rFire   . . .      SeeInvis .      - Unarmed
rCold   . . .      Faith    .    (no shield)
rNeg    . . .      Spirit   .    a - +0 robe
rPois   .          Reflect  .    (helmet currently unavailable)
rElec   .          Harm     .    (no cloak)
rCorr   .          Rampage  .    (no gloves)
Will    .....                    (boots currently unavailable)
Stlth   +                        (no amulet)
HPRegen 0.25/turn                (no ring)
MPRegen 0.10/turn                (no ring)

@: mighty, lethally poisoned (0 -> -9), appendages
A: horns 2, talons 2, claws 1, large bone plates 1, ignite blood 1
a: End Transformation


You were on level 3 of the Dungeon.
You had temporarily grown beastly horns and talons.
You visited 1 branch of the dungeon, and saw 3 of its levels.

You collected 93 gold pieces.


Innate Abilities, Weirdness & Mutations

You have temporarily grown beastly horns and talons.
You have sharp fingernails.
You are partially covered in large bone plates. (SH +4)
Your demonic aura sometimes causes spilled blood to erupt in flames.


   Skills:
 - Level 1.0 Fighting
 - Level 1.7 Dodging
 + Level 3.2 Unarmed Combat
 + Level 2.6 Spellcasting
 * Level 3.1 Transmutations
 + Level 0.6 Poison Magic


You had 2 spell levels left.
You knew the following spells:

 Your Spells              Type           Power      Damage    Failure   Level
a - Beastly Appendage     Tmut           24%        N/A       5%          1
b - Wereblood             Tmut           12%        N/A       9%          2
c - Spider Form           Tmut/Pois      8%         N/A       26%         3

Your spell library contained the following spells:

 Spells                   Type           Power      Damage    Failure   Level
 Apportation              Tloc           4%         N/A       21%         1
 Ice Form                 Ice/Tmut       7%         N/A       71%         4
 Alistair's Intoxication  Tmut/Pois      5%         N/A       94%         5

Inventory:

Missiles
 c - 3 datura-tipped darts
 e - 10 stones
Armour
 a - a +0 robe (worn)
Scrolls
 g - 2 scrolls of blinking {!r}
 i - a scroll of amnesia {unknown}
 j - a scroll of magic mapping {unknown}
Potions
 b - 2 potions of lignification {!q}
 d - a potion of degeneration {!q}
 f - a potion of ambrosia {unknown}

Dungeon Overview and Level Annotations

Branches:
Dungeon (3/15) Zot: 16391

Altars:
Ashenzari

Shops:
D:1

[ # .#
#.## ##
#...##
#.#.....#.
#@.......
##S......
.......
.....##
#...##
#.## ##


You could see an adder.


Message History

Unknown command. 😎 MP[+4]
You regained 4 mp, and now have 5/7 mp.
j - a scroll labelled SOLY ANTUAJ 😎 MP[+2]
Your mp is fully restored (7).
Unknown command.
You pick up a book of Party Tricks and begin reading...
You add the spells Apportation and Alistair's Intoxication to your library.
Done exploring.
Done exploring.
Done exploring.
Done exploring.
(D) Dungeon
Where to? (Enter - D:2, ? - help)
There is an open door here.
You open the door.
There is an open door here.
There is a stone staircase leading down here.
You climb downwards.
There is a stone staircase leading up here.
An adder is nearby!
Okay, then.
Casting: Spider Form (quite dangerous; 26% risk of failure)
Confirm with . or Enter, or press ? or * to list all spells.
The spell is quite dangerous to miscast (26% risk of failure)!
Continue anyway? [Y]es or [N]o only, please.
The spell is quite dangerous to miscast (26% risk of failure)!
Continue anyway?
You miscast Spider Form.
You are very lightly contaminated with residual magic.
Nothing appears to happen.
The adder hisses angrily. 😎 MP[-3]
You lost 3 mp, and now have 4/7 mp.
Unknown command.
You miss the adder. The adder bites you.
You barely miss the adder. The adder barely misses you. 😕 HP[-1]
You take 1 damage, and now have 31/32 hp.
You closely miss the adder. The adder barely misses you.
The adder closely misses you.
You scratch the adder. The adder bites you. 😕 HP[-2]
You take 2 damage, and now have 29/32 hp.
You barely miss the adder. The adder bites you but does no damage.
You scratch the adder but do no damage. The adder bites you.
You are poisoned.
The adder poisons you!
You scratch the adder but do no damage.
You feel sick. You block the adder's attack. The adder bites you. 😕 HP[-4]
You take 4 damage, and now have 25/32 hp.
You miss the adder.
You feel sick. The adder bites you.
You are more poisoned.
The adder poisons you!
Your magical contamination has completely faded away. 😮 HP[-4]
You take 4 damage, and now have 21/32 hp.
Casting: Spider Form (quite dangerous; 26% risk of failure)
Confirm with . or Enter, or press ? or * to list all spells.
You grow a pair of large bovine horns.
Your feet morph into talons.
You feel sick. The adder bites you.
You feel sick. The adder bites you.
* * * LOW HITPOINT WARNING * * *
😨 HP[-6]
You take 6 damage, and now have 15/32 hp.
You closely miss the adder.
You feel sick. The adder closely misses you.
The adder barely misses you. 😨 HP[-1]
You take 1 damage, and now have 14/32 hp.
Unknown command.
You miss the adder.
You feel sick.
The adder bites you but does no damage. 😨 HP[-1]
You take 1 damage, and now have 13/32 hp.
You closely miss the adder.
You feel sick. The adder bites you.
* * * LOW HITPOINT WARNING * * *
You are more poisoned.
The adder poisons you! 😨 HP[-2]
You take 2 damage, and now have 11/32 hp.
You scratch the adder. Your kick misses the adder.
You feel sick. The adder closely misses you. 😨 HP[-2]
You take 2 damage, and now have 9/32 hp.
Unknown command.
You scratch the adder.
You feel sick. You block the adder's attack. 😱 HP[-1]
You take 1 damage, and now have 8/32 hp.
Unknown command.
You closely miss the adder.
You feel sick. The adder bites you.
* * * LOW HITPOINT WARNING * * *
You are more poisoned.
The adder poisons you!
The adder bites you but does no damage. 😱 HP[-5]
You take 5 damage, and now have 3/32 hp.
It was a potion of might.
You feel very mighty all of a sudden.
* * * LOW HITPOINT WARNING * * *
You feel sick. The adder bites you.
You die...

Skill      XL: |  1  2  3 |
---------------+----------+-----
Transmutations | 2 3 |  3.1
Unarmed Combat | 3 |  3.2
Fighting       | |  1.0
Dodging        | |  1.7
Spellcasting   | |  2.6
Poison Magic   | |  0.6

Action                   |  1- 3 |  4- 6 || total
-------------------------+-------+-------++-------
Melee: Unarmed           |   101 |    24 ||   125
       Kick              |    24 |     2 ||    26
       Headbutt          |    13 |       ||    13
       Punch             |     1 |       ||     1
 Cast: Beastly Appendage |    26 |     3 ||    29
       Wereblood         |     1 |       ||     1
       Spider Form       |       |     1 ||     1
  Use: Scroll            |     3 |       ||     3
       Potion            |       |     1 ||     1
Armor: Robe              |    14 |     4 ||    18
Dodge: Dodged            |    70 |    11 ||    81
Block: Other             |     6 |     2 ||     8

Levels and vault maps discovered:
D:1:      spicycebolla_arrival_ecumenical, layout_basic, serial_shops, shop,
          corexii_leaking_fountain, minmay_pentomino_v2
D:2:      minmay_angry_zag, layout_basic, basic_altar
D:3:      layout_loops_ring, mainiacjoe_overflow_concentric_impassable,
          fountainhead

Notes
Turn   | Place    | Note
-------+----------+-------------------------------------------
     0 | D:1      | kae the Demonspawn Transmuter began the quest for the Orb.
     0 | D:1      | Reached XP level 1. HP: 15/15 MP: 3/3
     0 | D:1      | magus.rc [v1.11.3]
    60 | D:1      | Found Yfaixkai's Antique Armour Shoppe.
    73 | D:1      | Reached skill level 2 in Transmutations
   118 | D:1      | Gained mutation: Your demonic aura sometimes causes spilled
                  | blood to erupt in flames. [demonic ancestry]
   118 | D:1      | Reached XP level 2. HP: 17/21 MP: 3/5
   143 | D:1      | HP: 4/21 [kobold/+0 whip (4)]
   150 | D:1      | HP: 5/21 [giant cockroach (1)]
   159 | D:1      | Learned a level 2 spell: Wereblood
   461 | D:1      | Reached skill level 3 in Unarmed Combat
   484 | D:1      | Gained mutation: You are partially covered in large bone
                  | plates. (SH +4) [demonic ancestry]
   484 | D:1      | Reached XP level 3. HP: 19/26 MP: 3/6
   759 | D:2      | Learned a level 3 spell: Spider Form
   819 | D:2      | Found a broken altar of Ashenzari.
   987 | D:2      | Reached skill level 3 in Transmutations
  1331 | D:2      | Gained mutation: You have sharp fingernails. [demonic
                  | ancestry]
  1331 | D:2      | Reached XP level 4. HP: 28/32 MP: 5/7
  1568 | D:2      | You pick up a book of Party Tricks and begin reading...
  1568 | D:2      | You add the spells Apportation and Alistair's Intoxication
                  | to your library.
  1614 | D:3      | HP: 8/32 [poisoned by an adder]
  1615 | D:3      | HP: 3/32 [adder (4)]
  1616 | D:3      | Slain by an adder

Vanquished Creatures
  3 adders (D:2)
  A worm (D:2)
  A dart slug (D:1)
  4 endoplasms
  3 giant cockroaches (D:1)
  4 goblins
  3 hobgoblins (D:1)
  6 jackals
  3 quokkas
  4 ball pythons
  2 bats
  7 kobolds
  4 rats
45 creatures vanquished.

Table legend:
 A = Non-vault XP
 B = Vault XP
 C = Vault XP percentage of total XP
 D = Non-vault monster count
 E = Vault monster count
 F = Vault count percentage of total count
                 A         B        C        D         E       F
            +---------+---------+-------+---------+---------+-------
      Total |      76 |      40 |  34.5 |      37 |       8 |  17.8
            +---------+---------+-------+---------+---------+-------
        D:1 |      55 |       4 |   6.8 |      30 |       2 |   6.2
        D:2 |      21 |      36 |  63.2 |       7 |       6 |  46.2
            +---------+---------+-------+---------+---------+-------

Illustrated notes

Table legend:
 A = Kills in this place as a percentage of kills in entire the game.
 B = Kills by you in this place as a percentage of kills by you in the entire game.
 C = Kills by friends in this place as a percentage of kills by friends in the entire game.
 D = Other kills in this place as a percentage of other kills in the entire game.
 E = Experience gained in this place as a percentage of experience gained in the entire game.
 F = Experience gained in this place divided by the number of levels of this place that you have seen.
                   A       B       C       D       E      F
               +-------+-------+-------+-------+-------+----------------------
         Total | 100.0 | 100.0 |   N/A |   N/A | 100.0 |  38.7
       Dungeon | 100.0 | 100.0 |   N/A |   N/A | 100.0 |  38.7
               +-------+-------+-------+-------+-------+----------------------

Table legend: (Time is in decaauts)
 A = Elapsed time spent in this place.
 B = Non-inter-level travel time spent in this place.
 C = Inter-level travel time spent in this place.
 D = Time resting spent in this place.
 E = Time spent auto-exploring this place.
 F = Levels seen in this place.
 G = Mean time per level.
                   A        B        C        D        E       F      G
               +--------+--------+--------+--------+--------+-----+--------+
         Total |   1608 |   1557 |     51 |     39 |   1191 |   3 |  536.0 |
       Dungeon |   1608 |   1557 |     51 |     39 |   1191 |   3 |  536.0 |
               +--------+--------+--------+--------+--------+-----+--------+

Top non-repeatable levels by time:
     D:2: 841 daAuts
     D:1: 749 daAuts
     D:3: 16 daAuts
